 Dungeon Crawl Stone Soup version 0.30.1-9-gdf580d7c3d (webtiles) character file.

Game seed: 12770128599516774745

60 lonewolfV2 the Chopper (level 4, -4/35 HPs)
             Began as a Formicid Berserker on Oct 13, 2023.
             Was a Believer of Trog.
             Slain by Crazy Yiuf
             ... wielding a +2 quarterstaff of chaos
              (10 damage)
             ... on level 2 of the Dungeon.
             The game lasted 00:02:21 (1658 turns).

lonewolfV2 the Chopper (Formicid Berserker)         Turns: 1658, Time: 00:02:22

Health: -4/35      AC:  3    Str: 23    XL:     4   Next: 24%
Magic:  4/4        EV: 12    Int:  7    God:    Trog [**....]
Gold:   92         SH:  0    Dex: 13    Spells: 3/3 levels left

rFire   + . .        a - +0 hand axe
rCold   + . .        (no shield)
rNeg    . . .        b - +1 animal skin
rPois   +            (helmet unavailable)
rElec   +            (no cloak)
rCorr   +            (no gloves)
SInv    +            (no boots)
Will    ++...        (no amulet)
Stlth   +            c - ring of flight
HPRegen 1.25/turn    (no ring)
MPRegen 0.09/turn

%: no passive effects
@: resistant, strong-willed, flying, regenerating
A: permanent stasis, dig shafts and tunnels, antennae 3, four strong arms
a: Dig, Shaft Self, Renounce Religion, Trog's Hand


You were on level 2 of the Dungeon.
You worshipped Trog.
Trog was pleased with you.
You visited 1 branch of the dungeon, and saw 2 of its levels.

You collected 92 gold pieces.

Inventory:

Hand Weapons
 a - a +0 hand axe (weapon)
Armour
 b - a +1 animal skin (worn)
Jewellery
 c - a ring of flight (left hand)
Scrolls
 e - a scroll of magic mapping {unknown}
 f - a scroll of vulnerability {unknown}
 h - 2 scrolls of enchant armour
 i - a scroll of identify {unknown}
 j - a scroll of fear {unknown}
Potions
 d - 2 potions of curing {unknown}
 g - 3 potions of lignification {unknown}


   Skills:
 - Level 3.2 Fighting
 + Level 4.8 Axes
 - Level 2.1 Armour
 - Level 1.7 Dodging


You had 3 spell levels left.
You didn't know any spells.
Your spell library was empty.

Dungeon Overview and Level Annotations

Branches:
Dungeon (2/15)

Altars:

Annotations:
D:2 Crazy Yiuf


Innate Abilities, Weirdness & Mutations

You cannot be hasted, slowed, berserked, paralysed or teleported.
You can dig through walls and to a lower floor.
You have a pair of large antennae on your head. (SInv)
Your four strong arms can wield two-handed weapons with a shield.


Message History

No target in view!
No target in view!
You now have 92 gold pieces (gained 9).
Found a stone staircase leading down.
There is a stone staircase leading down here.
i - a scroll labelled ZAM UXKISKAKKA
There is a stone staircase leading down here.
You see here a scroll of poison.
j - a scroll labelled GYARUO CEIPE
g - 3 clear potions (gained 1)
Found a hammer.
Found a runed translucent door.
Crazy Yiuf shouts!
No reachable target in view!
Could not explore, unopened runed door.
No reachable target in view!
Okay, then.
Okay, then.
You reach down and open the door.
Okay, then.
Crazy Yiuf hits you with a +2 quarterstaff of chaos!
Crazy Yiuf freezes you.
There is an open translucent door here.
Your skin crawls.
You feel strong-willed.
Crazy Yiuf hits you with a +2 quarterstaff of chaos!
* * * LOW HITPOINT WARNING * * *
You resist with almost no effort.
You hit Crazy Yiuf.
Crazy Yiuf is moderately wounded.
Crazy Yiuf completely misses you.
You hit Crazy Yiuf.
Crazy Yiuf is severely wounded.
Crazy Yiuf hits you with a +2 quarterstaff of chaos.
* * * LOW HITPOINT WARNING * * *
You feel protected.
You hit Crazy Yiuf.
Crazy Yiuf is almost dead.
Crazy Yiuf yells, "Sif Muna!
Mama arga head."
Crazy Yiuf hits you with a +2 quarterstaff of chaos!
You die...

#....#
#?...#######
♣..P.♣
#.#...#
♣♣.P.♣
#...#.## #
♣♣.♣♣
#.###..## #
♣♣.♣
#.####..# ##
♣.♣♣
#....##.###.
♣♣.♣
#....##..#..
♣.♣♣
###..###.#.#
#@#
##.>##...#
#.g.#
#..##..##
#...#
##.##..##
#)..#
#.......
#####
###..#.#.
#...##.#.
###
#.#.##.##
#.#
#.#.##.##
#.#
####.#.##...


You could see Crazy Yiuf.

Vanquished Creatures
  An adder (D:2)
  2 dart slugs (D:1)
  3 ball pythons
  4 endoplasms
  5 giant cockroaches (D:1)
  3 goblins (D:1)
  4 hobgoblins (D:1)
  3 jackals (D:1)
  3 kobolds
  5 bats
  A frilled lizard (D:1)
  7 rats (D:1)
41 creatures vanquished.

Notes
Turn   | Place    | Note
-------+----------+-------------------------------------------
     0 | D:1      | lonewolfV2 the Formicid Berserker began the quest for the
                  | Orb.
     0 | D:1      | Reached XP level 1. HP: 18/18 MP: 1/1
     1 | D:1      | Found a runed translucent door.
    25 | D:1      | Reached XP level 2. HP: 16/24 MP: 2/2
   246 | D:1      | Reached skill level 4 in Axes
   246 | D:1      | Reached XP level 3. HP: 28/29 MP: 3/3
   510 | D:1      | Reached ** piety under Trog
  1255 | D:2      | Reached XP level 4. HP: 28/35 MP: 4/4
  1649 | D:2      | Found a runed translucent door.
  1650 | D:2      | Noticed Crazy Yiuf
  1658 | D:2      | Slain by Crazy Yiuf

Illustrated notes

Levels and vault maps discovered:
D:1:      dpeg_arrival_caged_fury, layout_loops_ring
D:2:      layout_rooms, nicolae_elevator_lobby_plus, uniq_crazy_yiuf_cottage

Skill      XL: |  1  2 |
---------------+-------+-----
Axes           | 4 |  4.8
Fighting       | |  3.2
Armour         | |  2.1
Dodging        | |  1.7

Action                     |  1- 3 |  4- 6 || total
---------------------------+-------+-------++-------
  Melee: Hand axe          |   117 |    10 ||   127
         Punch             |     1 |       ||     1
 Invoke: Trog's Hand       |       |     1 ||     1
    Use: Scroll            |     4 |       ||     4
   Stab: Sleeping          |     1 |       ||     1
 Armour: Animal skin       |    38 |     1 ||    39
  Dodge: Dodged            |    74 |     6 ||    80
